 Dungeon Crawl Stone Soup version 0.23.2-11-gf996548c65 (webtiles) character file.

Game seed: 4555679655926269001

144 myga the Magician (level 5, -8/28 HPs)
             Began as a Deep Elf Ice Elementalist on June 3, 2019.
             Was a Follower of Yredelemnul.
             Killed by nerve-wracking pain
             ... invoked by Grinder
              (14 damage)
             ... on level 3 of the Dungeon.
             The game lasted 00:07:36 (1602 turns).

myga the Magician (Deep Elf Ice Elementalist)       Turns: 1602, Time: 00:07:37

Health: -8/28      AC:  9    Str:  5    XL:     5   Next: 5%
Magic:  2/14       EV: 13    Int: 20    God:    Yredelemnul [*.....]
Gold:   97         SH:  0    Dex: 16    Spells: 3/13 levels left

rFire    . . .     SeeInvis .   i - +0 short sword
rCold    . . .     Gourm    .   (no shield)
rNeg     . . .     Faith    .   a - +0 robe
rPois    .         Spirit   .   e - +0 helmet
rElec    .         Reflect  .   (no cloak)
rCorr    .         Harm     .   (no gloves)
MR       .....                  (no boots)
Stlth    +++.......             (no amulet)
HPRegen  0.09/turn              (no ring)
MPRegen  0.14/turn              (no ring)

@: icy armour, very slightly contaminated
A: no striking features
a: Animate Remains, Renounce Religion


You were on level 3 of the Dungeon.
You worshipped Yredelemnul.
Yredelemnul was aware of your devotion.
You were not hungry.

You visited 1 branch of the dungeon, and saw 3 of its levels.

You collected 97 gold pieces.

Inventory:

Hand Weapons
 i - a +0 short sword (weapon)
Missiles
 b - 67 stones (quivered)
 l - 4 javelins
 t - 4 poisoned javelins
Armour
 a - a +0 robe (worn)
 e - a +0 helmet (worn)
Wands
 p - a wand of paralysis (4)
Scrolls
 f - a scroll of enchant armour {unknown}
 g - a scroll of blinking {unknown}
 n - a scroll of magic mapping {unknown}
 q - a scroll of remove curse {unknown}
 s - a scroll of amnesia {unknown}
Potions
 h - a potion of berserk rage
 j - a potion of haste
 k - a potion of mutation
 m - a potion of magic {unknown}
 o - a potion of brilliance {unknown}
 r - a potion of cancellation {unknown}
Comestibles
 c - 3 rations
 d - 3 chunks of flesh


   Skills:
 + Level 0.3 Fighting
 + Level 1.2 Short Blades
 + Level 2.7 Dodging
 + Level 3.6 Stealth
 + Level 4.7 Spellcasting
 + Level 1.1 Conjurations
 + Level 4.4 Ice Magic


You had 3 spell levels left.
You knew the following spells:

 Your Spells              Type           Power        Failure   Level  Hunger
a - Freeze                Ice            ###.         1%          1    None
b - Throw Frost           Conj/Ice       ###...       6%          2    #......
c - Ozocubu's Armour      Chrm/Ice       ##......     14%         3    ##.....
d - Summon Ice Beast      Ice/Summ       ##......     43%         4    ####...

Your spell library contained the following spells:

 Spells                   Type           Power        Failure   Level  Hunger
 Throw Icicle             Conj/Ice       ###.....     36%         4    ####...


Dungeon Overview and Level Annotations

Branches:
Dungeon (3/15)

Altars:
Ashenzari
Okawaru
Qazlal
Yredelemnul

Annotations:
D:3 Grinder


Message History

Casting: Ozocubu's Armour (safe; 14% risk of failure)
Confirm with . or Enter, or press ? or * to list all spells.
Aiming: Freeze (safe; 1% risk of failure)
Press: ? - help, Shift-Dir - straight line, f/p - Grinder
Aim: Grinder (moderately wounded, poisoned) Grinder completely resists.
You freeze Grinder but do no damage. Grinder hits you.
You writhe in agony.
* * * LOW HITPOINT WARNING * * *
Casting: Freeze (safe; 1% risk of failure)
Confirm with . or Enter, or press ? or * to list all spells.
Aiming: Freeze (safe; 1% risk of failure)
Press: ? - help, Shift-Dir - straight line, f/p - Grinder
Aim: Grinder (moderately wounded, poisoned) Grinder resists.
You freeze Grinder.
Grinder is moderately wounded.
Grinder gestures at you. Pain shoots through your body!
Ouch! That really hurt!
You die...
Your body rises from the dead as a mindless zombie.

# .# #. ..# ##(. ..##
##...## ... E#...#E #.#
##...######..# .
.......@##..####..
..._...5...(..<...
..(...............
##...####.)....... ##.##
E#...#E#.......... .#...
##...###...####### ....#
........#.(..## ##.....
.......#####..####......
...... ##....#......


You could see an earth elemental, a water elemental, Grinder, a fire elemental
and an air elemental.

Vanquished Creatures
  A bullfrog (D:2)
  3 adders (D:2)
  An ooze (D:2)
  3 dart slugs
  A leopard gecko (D:2)
  An orc (D:3)
  A ball python (D:2)
  5 bats
  2 giant cockroaches (D:2)
  4 goblins
  5 hobgoblins
  5 kobolds (D:2)
  4 frilled lizards
  9 rats
45 creatures vanquished.

Notes
Turn   | Place    | Note
-------+----------+-------------------------------------------
     0 | D:1      | myga the Deep Elf Ice Elementalist began the quest for the
                  | Orb.
     0 | D:1      | Reached XP level 1. HP: 10/10 MP: 6/6
   155 | D:1      | Reached XP level 2. HP: 9/15 MP: 2/8
   283 | D:1      | Learned a level 2 spell: Throw Frost
   710 | D:2      | Reached XP level 3. HP: 18/19 MP: 5/10
   713 | D:2      | Found a shattered altar of Ashenzari.
   733 | D:2      | Found a basalt altar of Yredelemnul.
   771 | D:2      | Became a worshipper of Yredelemnul the Dark
   903 | D:2      | Noticed a bullfrog
   914 | D:2      | Killed a bullfrog
   914 | D:2      | Reached skill level 1 in Short Blades
   914 | D:2      | Reached XP level 4. HP: 12/24 MP: 5/12
  1318 | D:2      | Reached * piety under Yredelemnul
  1353 | D:2      | Learned a level 3 spell: Ozocubu's Armour
  1358 | D:2      | Learned a level 4 spell: Summon Ice Beast
  1378 | D:2      | Reached XP level 5. HP: 28/28 MP: 10/13
  1521 | D:3      | Found an iron altar of Okawaru.
  1580 | D:3      | Noticed an air elemental
  1583 | D:3      | Found a stormy altar of Qazlal.
  1589 | D:3      | Noticed a water elemental
  1589 | D:3      | Noticed a fire elemental
  1589 | D:3      | Noticed Grinder
  1589 | D:3      | Paralysed by Grinder for 5 turns
  1602 | D:3      | Killed from afar by Grinder

Skill      XL: |  1  2  3 |
---------------+----------+-----
Stealth        | 3 |  3.6
Spellcasting   | 4 |  4.7
Short Blades   | 1 |  1.2
Ice Magic      | 4 |  4.4
Fighting       | |  0.3
Dodging        | |  2.7
Conjurations   | |  1.1

Action                   |  1- 3 |  4- 6 || total
-------------------------+-------+-------++-------
Melee: Unarmed           |     1 |       ||     1
       Short sword       |    25 |     8 ||    33
Throw: Stone             |       |     3 ||     3
       Javelin           |       |     3 ||     3
 Cast: Freeze            |    29 |    20 ||    49
       Ozocubu's Armour  |       |     1 ||     1
  Use: Scroll            |       |     3 ||     3
 Stab: Sleeping          |     5 |     4 ||     9
  Eat: Chunk             |       |     2 ||     2
Armor: Robe              |    14 |     5 ||    19
Dodge: Dodged            |    26 |     7 ||    33
